 Dungeon Crawl Stone Soup version 0.31-a0-1499-ge0622b2318 (webtiles) character file.

Game seed: 6520927823316756434

77 demibob the Slasher (level 4, -3/35 HPs)
             Began as a Demonspawn Berserker on Dec 30, 2023.
             Was a Believer of Trog.
             Succumbed to Robin's poison
             ... on level 3 of the Dungeon.
             The game lasted 00:02:39 (1683 turns).

demibob the Slasher (Demonspawn Berserker)          Turns: 1683, Time: 00:02:40

Health: -3/35      AC:  3    Str: 17    XL:     4   Next: 13%
Magic:  4/4        EV: 12    Int:  7    God:    Trog [**....]
Gold:   94         SH:  0    Dex: 15    Spells: 3/3 levels left

rFire   + . .        a - +1 falchion
rCold   + . .        (no shield)
rNeg    . . .        b - +0 animal skin
rPois   +            i - +0 helmet
rElec   +            (no cloak)
rCorr   +            (no gloves)
SInv    .            (no boots)
Will    +....        (no amulet)
Stlth   +            W - ring of willpower
HPRegen 0.25/turn    R - ring of resist corrosion
MPRegen 0.09/turn

%: no passive effects
@: lethally poisoned (-3 -> -20), resistant, on berserk cooldown, slowed,
invisible, very slow
A: foul stench 2
a: Renounce Religion, Berserk, Trog's Hand


You were on level 3 of the Dungeon.
You worshipped Trog.
Trog was pleased with you.
You visited 1 branch of the dungeon, and saw 3 of its levels.

You collected 94 gold pieces.


Innate Abilities, Weirdness & Mutations

You sometimes emit foul miasma when damaged in melee.


   Skills:
 - Level 3.0 Fighting
 + Level 4.5 Long Blades
 - Level 1.7 Armour
 - Level 1.7 Dodging


You had 3 spell levels left.
You didn't know any spells.
Your spell library was empty.

Inventory:

Hand Weapons
 a - a +1 falchion (weapon)
Armour
 b - a +0 animal skin (worn)
 i - a +0 helmet (worn)
Jewellery
 R - a ring of resist corrosion (right hand)
 W - a ring of willpower (left hand)
Potions
 d - 2 potions of enlightenment

Dungeon Overview and Level Annotations

Branches:
Dungeon (3/15)

Altars:
Dithmenos

Shops:
D:2 ((?

Annotations:
D:3 Robin

#..# # ####..####### #.
#..........<# #
##.##..#.#..###.####....
##...#..#.#..#..........#
#....)))..#[.#.#.########
.......#.S.....#.#.#
###..g###g###....>.#
.S.... #.@).....### ###..
########## #.? .. ###


You could see Robin (unable to see you) and a ball python (unable to see you).


Message History

You slash the goblin!
You kill the goblin!
Trog accepts your kill. Robin barely misses you.
You hit Robin.
Robin is moderately wounded.
Robin hits you with a +2 whip of venom.
* * * LOW HITPOINT WARNING * * *
You are lethally poisoned!
Robin barely misses you.
It was a potion of curing.
You feel better. Robin barely misses you.
Unknown command.
You hit Robin.
Robin is heavily wounded.
Robin hits you with a +2 whip of venom.
* * * LOW HITPOINT WARNING * * *
You are poisoned.
Robin hits you with a +2 whip of venom.
* * * LOW HITPOINT WARNING * * *
You are lethally poisoned!
It was a potion of resistance.
You feel protected.
* * * LOW HITPOINT WARNING * * *
You feel extremely sick. Robin hits you with a +2 whip of venom.
* * * LOW HITPOINT WARNING * * *
You emit a cloud of foul miasma!
It was a potion of invisibility.
You fade into invisibility!
You die...

Skill      XL: |  1  2  3 |
---------------+----------+-----
Long Blades    | 3 4 |  4.5
Fighting       | |  3.0
Armour         | |  1.7
Dodging        | |  1.7

Action                     |  1- 3 |  4- 6 || total
---------------------------+-------+-------++-------
  Melee: Falchion          |    89 |    15 ||   104
 Invoke: Berserk           |     2 |       ||     2
    Use: Scroll            |     6 |       ||     6
         Potion            |       |     3 ||     3
 Armour: Animal skin       |    49 |    18 ||    67
  Dodge: Dodged            |    60 |    11 ||    71

Levels and vault maps discovered:
D:1:      reono_arrival_forest_river, layout_basic
D:2:      layout_rooms, basic_altar, serial_shops, nicolae_shop_back_alley_shop,
          shop, nicolae_shop_waterfront
D:3:      layout_loops_cross, kennysheep_slug_shrine, serial_shops,
          nicolae_shop_peninsula, kennysheep_cross_room, minmay_pentomino_pile,
          uniq_robin

Notes
Turn   | Place    | Note
-------+----------+-------------------------------------------
     0 | D:1      | demibob the Demonspawn Berserker began the quest for the
                  | Orb.
     0 | D:1      | Reached XP level 1. HP: 18/18 MP: 1/1
   121 | D:1      | Reached skill level 3 in Long Blades
   154 | D:1      | Gained mutation: You may rarely emit foul miasma when
                  | damaged in melee. [demonic ancestry]
   154 | D:1      | Reached XP level 2. HP: 17/24 MP: 2/2
   876 | D:2      | Gained mutation: You sometimes emit foul miasma when
                  | damaged in melee. [demonic ancestry]
   876 | D:2      | Reached XP level 3. HP: 17/29 MP: 3/3
   924 | D:2      | Found Luas Era's Magic Scroll Emporium.
  1019 | D:2      | Reached skill level 4 in Long Blades
  1095 | D:2      | Found a shadowy altar of Dithmenos.
  1157 | D:2      | Found Heral's Weapon Shoppe.
  1216 | D:2      | Reached ** piety under Trog
  1446 | D:2      | Found Jayhaet's Antique Weapon Shoppe.
  1649 | D:3      | Identified the +1 helmet "Yffuatro" {Fly rElec Dex-4}
  1649 | D:3      | Noticed Robin
  1662 | D:3      | Reached XP level 4. HP: 35/35 MP: 4/4
  1682 | D:3      | Identified a potion of resistance
  1682 | D:3      | HP: 3/35 [Robin/+2 whip of venom (3)]
  1683 | D:3      | Succumbed to Robin's poison

Vanquished Creatures
  2 adders (D:2)
  2 ribbon worms (D:2)
  2 ball pythons (D:1)
  3 endoplasms
  10 goblins
  8 hobgoblins
  3 jackals (D:1)
  A kobold (D:1)
  3 bats
  2 rats
36 creatures vanquished.

Table legend: (Time is in decaauts)
 A = Elapsed time spent in this place.
 B = Non-inter-level travel time spent in this place.
 C = Inter-level travel time spent in this place.
 D = Time resting spent in this place.
 E = Time spent auto-exploring this place.
 F = Levels seen in this place.
 G = Mean time per level.
                   A        B        C        D        E       F      G
               +--------+--------+--------+--------+--------+-----+--------+
         Total |   1706 |   1642 |     64 |    129 |   1261 |   3 |  568.7 |
       Dungeon |   1706 |   1642 |     64 |    129 |   1261 |   3 |  568.7 |
               +--------+--------+--------+--------+--------+-----+--------+

Top non-repeatable levels by time:
     D:1: 832 daAuts
     D:2: 819 daAuts
     D:3: 54 daAuts

Table legend:
 A = Non-vault XP
 B = Vault XP
 C = Vault XP percentage of total XP
 D = Non-vault monster count
 E = Vault monster count
 F = Vault count percentage of total count
                 A         B        C        D         E       F
            +---------+---------+-------+---------+---------+-------
      Total |      89 |      21 |  19.1 |      25 |      11 |  30.6
            +---------+---------+-------+---------+---------+-------
        D:1 |      26 |       0 |   0.0 |      15 |       0 |   0.0
        D:2 |      63 |       0 |   0.0 |      10 |       0 |   0.0
        D:3 |       0 |      21 | 100.0 |       0 |      11 | 100.0
            +---------+---------+-------+---------+---------+-------
